 Dungeon Crawl Stone Soup version 0.25.1-2-g60ff931df9 (webtiles) character file.

Game seed: 6116263463768880941

65 Elvor the Covered (level 4, -3/28 HPs)
             Began as a Gargoyle Fighter on Sept 23, 2020.
             Slain by an ogre
             ... wielding a +0 giant club
              (8 damage)
             ... on level 2 of the Dungeon.
             The game lasted 00:12:47 (1446 turns).

Elvor the Covered (Gargoyle Fighter)                Turns: 1446, Time: 00:12:48

Health: -3/28      AC:  9    Str: 21    XL:     4   Next: 13%
Magic:  4/4        EV:  8    Int:  8    God:
Gold:   166        SH: 10    Dex: 15    Spells: 3/3 levels left

rFire    . . .     SeeInvis .   a - +0 flail
rCold    . . .     Gourm    .   c - +0 kite shield
rNeg     + . .     Faith    .   r - +0 ring mail (curse)
rPois    ∞         Spirit   .   (no helmet)
rElec    +         Reflect  .   (no cloak)
rCorr    .         Harm     .   (no gloves)
MR       .....                  (no boots)
Stlth    +.........             (no amulet)
HPRegen  0.09/turn              o - +6 ring of dexterity
MPRegen  0.09/turn              (no ring)

@: slightly contaminated
A: blurry vision 1, negative energy resistance 1, electricity resistance,
unbreathing, petrification resistance, rot immunity, AC +3
a: no special abilities


You were on level 2 of the Dungeon.
You were not hungry.

You visited 1 branch of the dungeon, and saw 2 of its levels.

You collected 166 gold pieces.

Inventory:

Hand Weapons
 a - a +0 flail (weapon)
 q - a +0 whip of distortion
Armour
 c - a +0 kite shield (worn)
 g - a +3 leather armour of fire resistance
 k - a +0 chain mail
 r - a cursed +0 ring mail (worn)
Jewellery
 o - a +6 ring of dexterity (left hand)
Scrolls
 b - a scroll of fog {unknown}
 e - 3 scrolls of teleportation {unknown}
 h - a scroll of noise {unknown}
 j - 2 scrolls of identify {unknown}
 s - a scroll of amnesia {unknown}
 u - a scroll of remove curse {unknown}
Potions
 d - a potion of might
 i - a potion of heal wounds {unknown}
 l - a potion of mutation {unknown}
 n - 2 potions of invisibility {unknown}
 p - a potion of magic {unknown}
Comestibles
 f - 2 rations
 m - 6 chunks of flesh


   Skills:
 + Level 3.5 Fighting
 + Level 2.7 Maces & Flails
 + Level 3.9 Armour
 + Level 0.6 Dodging
 + Level 3.9 Shields


You had 3 spell levels left.
You didn't know any spells.
Your spell library was empty.

Dungeon Overview and Level Annotations

Branches:
Dungeon (2/15)

Altars:
Vehumet


Innate Abilities, Weirdness & Mutations

You are resistant to torment.
Your stone body is resilient. (AC +3)
You are immune to poison.
You resist negative energy. (rN+)
You are resistant to electric shocks. (rElec)
You can survive without breathing.
You are immune to petrification.
You are immune to rotting.
Scrolls take you a little longer to read.


Message History

Press: ? - help, Shift-Dir - straight line, f/p - ogre
Aim: an ogre, wielding a +0 giant club (poisoned)
You throw a poisoned dart. The poisoned dart hits the ogre.
You aren't carrying any items that you can evoke.
Unknown command.
You thump the ogre!
The ogre is heavily wounded.
The ogre hits you with a +0 giant club!
Ouch! That really hurt!
You completely miss the ogre.
The ogre is heavily wounded.
The ogre looks more healthy.
The ogre hits you with a +0 giant club!
* * * LOW HITPOINT WARNING * * *
You hit the ogre.
The ogre is heavily wounded.
The ogre barely misses you.
You barely miss the ogre.
The ogre is heavily wounded.
The ogre hits you with a +0 giant club!
You die...

#############
#.(..O@.....#####
#(######.......(#######
#.##...........#
...##..##÷#####.#
.....##....).......
####.##...#.####...
#.##...#.# #...
#......... #...
......... #...


You could see an ogre.

Vanquished Creatures
  An ooze (D:1)
  A worm (D:2)
  3 dart slugs
  A leopard gecko (D:1)
  10 bats
  2 giant cockroaches
  2 goblins (D:2)
  7 hobgoblins
  6 jackals (D:2)
  8 kobolds
  2 frilled lizards (D:2)
  3 rats
46 creatures vanquished.

Notes
Turn   | Place    | Note
-------+----------+-------------------------------------------
     0 | D:1      | Elvor the Gargoyle Fighter began the quest for the Orb.
     0 | D:1      | Reached XP level 1. HP: 14/14 MP: 1/1
   248 | D:1      | Reached XP level 2. HP: 19/19 MP: 2/2
   475 | D:1      | Reached XP level 3. HP: 19/23 MP: 3/3
  1011 | D:2      | Noticed an ogre
  1045 | D:2      | Found a radiant altar of Vehumet.
  1298 | D:2      | Reached XP level 4. HP: 28/28 MP: 4/4
  1370 | D:2      | Gained mutation: Scrolls take you a little longer to read.
                  | [mutagenic glow]
  1446 | D:2      | Slain by an ogre

Illustrated notes

Levels and vault maps discovered:
D:1:      dpeg_arrival_chambers_temple_mockup, layout_loops_corners,
          minmay_misc_feat_iff, corexii_leaking_fountain
D:2:      layout_loops_ring, overflow_temple_1_default, grunt_qazlal_sundering,
          minmay_split_cup_large

Action                   |  1- 3 |  4- 6 || total
-------------------------+-------+-------++-------
Melee: Flail             |   175 |    23 ||   198
Throw: Dart              |       |     2 ||     2
  Eat: Chunk             |     2 |       ||     2
Armor: Leather armour    |    82 |       ||    82
       Chain mail        |    44 |       ||    44
       Ring mail         |       |    11 ||    11
Dodge: Dodged            |    90 |     5 ||    95
Block: Kite shield       |   120 |    14 ||   134
